 Dungeon Crawl Stone Soup version 0.28.0-45-g0d030f2227 (webtiles) character file.

Game seed: 940975630831779406

1026 DuloT34 the Ducker (level 8, 0/59 HPs)
             Began as a Djinni Fire Elementalist on May 26, 2022.
             Slain by Duvessa
             ... wielding a +0 short sword
              (1 damage)
             ... on level 5 of the Dungeon.
             The game lasted 00:10:08 (5752 turns).

DuloT34 the Ducker (Djinni Fire Elementalist)       Turns: 5752, Time: 00:10:08

Health: 0/59       AC:  3    Str:  7    XL:     8   Next: 47%
Gold:   128        EV: 14    Int: 19    God:
                   SH:  0    Dex: 14

rFire   + + .      SeeInvis .   m - +1 dagger
rCold   x . .      Faith    .   (no shield)
rNeg    . . .      Spirit   .   a - +0 robe
rPois   ∞          Reflect  .   n - +0 helmet
rElec   .          Harm     .   (no cloak)
rCorr   .          Rampage  .   (no gloves)
Will    .....                   (boots unavailable)
Stlth   ++........              (no amulet)
HPRegen 0.19/turn               (no ring)
MPRegen 0.00/turn               (no ring)

@: flying
A: sickness immunity, fire resistance 2, cold vulnerability 1, float, innate
caster, HP casting, extra vitality 1
a: no special abilities


You were on level 5 of the Dungeon.
You visited 1 branch of the dungeon, and saw 5 of its levels.

You collected 128 gold pieces.

Inventory:

Hand Weapons
 m - a +1 dagger (weapon)
Armour
 a - a +0 robe (worn)
 n - a +0 helmet (worn)
Jewellery
 e - an amulet of the acrobat
 p - a ring of ice
Wands
 g - a wand of digging (9)
 i - a wand of iceblast (7)
Scrolls
 j - a scroll of enchant armour {unknown}
 r - a scroll of noise {unknown}
Potions
 b - a potion of cancellation {unknown}
 c - a potion of curing {unknown}
 h - 2 potions of mutation
 k - a potion of haste {unknown}
 l - a potion of brilliance {unknown}
 o - a potion of resistance {unknown}
 q - a potion of heal wounds {unknown}


   Skills:
 + Level 5.1 Fighting
 + Level 6.2 Dodging
 - Level 1.5 Stealth
 + Level 4.7 Spellcasting


You couldn't memorise any spells.
You knew the following spells:

 Your Spells              Type           Power      Damage    Failure   Level
a - Foxfire               Conj/Fire      88%        2x1d8     1%          1
b - Scorch                Fire           44%        2d7       2%          2
c - Conjure Flame         Conj/Fire      22%        6-21      5%          3
d - Inner Flame           Hex/Fire       22%        N/A       5%          3
e - Flame Wave            Conj/Fire      22%        2d7       19%         4
f - Shock                 Conj/Air       88%        1d8       1%          1
g - Searing Ray           Conj           44%        2d6       2%          2
h - Call Canine Familiar  Summ           22%        N/A       5%          3
Your spell library was empty.

Dungeon Overview and Level Annotations

Branches:
Dungeon (5/15)
 Temple: D:4-7

Altars:
Qazlal

Shops:
D:1 [(**!   D:3 (   D:4 *

Annotations:
D:5 Duvessa


Innate Abilities, Weirdness & Mutations

You are immune to sickness and miasma.
You are immune to poison.
Your flesh is very heat resistant. (rF++)
You are vulnerable to cold. (rC-)
You float through the air rather than walking.
You learn spells naturally, not from books.
Your magical power is your life essence.
You have superior vitality. (+4 MHP)


Message History

The foxfire hits Duvessa but does no damage.
Duvessa is moderately wounded.
Your foxfire dissipates!
Your foxfire dissipates!
Duvessa hits you with a +0 short sword!
* * * LOW HITPOINT WARNING * * *
Your hound bites Duvessa but does no damage.
Casting: Scorch (safe; 2% risk of failure)
Confirm with . or Enter, or press ? or * to list all spells.
Flames lash Duvessa.
Duvessa is heavily wounded.
Duvessa's fire resistance burns away.
* * * LOW HITPOINT WARNING * * *
Duvessa misses you.
Your hound bites Duvessa.
Sorry, you're not good enough to have a special ability.
Okay, then.
Casting: Scorch (safe; 2% risk of failure)
Confirm with . or Enter, or press ? or * to list all spells.
Flames lash Duvessa.
Duvessa is burned terribly!
Duvessa is almost dead.
* * * LOW HITPOINT WARNING * * *
Duvessa completely misses you.
Your hound bites Duvessa but does no damage.
Duvessa hits you with a +0 short sword!
* * * LOW HITPOINT WARNING * * *
Your hound closely misses Duvessa.
Casting: Scorch (safe; 2% risk of failure)
Confirm with . or Enter, or press ? or * to list all spells.
You don't have enough health to cast this spell.
As you read the scroll labelled HEAGIH DADEU, it crumbles to dust.
It is a scroll of identify.
h - 2 potions of mutation Duvessa closely misses you.
Your hound bites Duvessa.
Duvessa hits your hound with a +0 short sword!
Your hound dies!
Your hound's corpse disappears in a puff of smoke!
As you read the scroll labelled FUSCHI ZALUURE, it crumbles to dust.
It is a scroll of enchant weapon.
Your +0 dagger glows red for a moment.
Duvessa hits you with a +0 short sword.
You die...

..#.......# ..##......#
.#.+......# ...##...#####
...<#.#+#...#+#
....###.......###
#...#...........# +#
##.###.........### .###
.#.#.'.........'@##...###.
.....##.......##.e........
.######.......#####§.#####
.## #####'#### )§# ..#
#.##..########).# #.#
#...............# #.#
####............# ###
##########...# ...


You could see Duvessa (berserk, combustible).

Vanquished Creatures
  A necrophage (D:4)
  3 ogres
  A phantom (D:5)
  A scorpion (D:5)
  A water moccasin skeleton (D:5)
  Dowan (D:5)
  A hound (D:5)
  2 centaur skeletons
  Terence (D:3)
  Natasha (thrice) (D:2)
  2 iguanas
  Robin (D:4)
  4 adders
  An ufetubus (D:4)
  An adder skeleton (D:4)
  4 dart slugs
  7 orcs
  7 ball pythons
  5 endoplasms
  4 giant cockroaches
  7 hobgoblins
  4 jackals (D:4)
  2 quokkas
  3 bats
  11 goblins
  2 kobolds
  3 rats
83 creatures vanquished.

Vanquished Creatures (collateral kills)
  A black bear (D:5)
  2 foxfires (D:1)
3 creatures vanquished.

Vanquished Creatures (others)
  334 foxfires
  3 toadstools (D:5)
337 creatures vanquished.

Grand Total: 423 creatures vanquished

Notes
Turn   | Place    | Note
-------+----------+-------------------------------------------
     0 | D:1      | DuloT34 the Djinni Fire Elementalist began the quest for
                  | the Orb.
     0 | D:1      | Reached XP level 1. HP: 15/15 MP: 0/0
    19 | D:1      | Found Xidius's Distillery.
   131 | D:1      | Found a faded altar of an unknown god.
   678 | D:1      | Reached XP level 2. HP: 20/22 MP: 0/0
   815 | D:1      | Found Muak's Assorted Antiques.
  1138 | D:1      | Found Kaonam's Armour Emporium.
  1331 | D:1      | Found Yhoredue's Assorted Antiques.
  1332 | D:1      | Found Deakesso's Weapon Shoppe.
  1643 | D:2      | Reached skill level 1 in Fighting
  1969 | D:2      | Reached XP level 3. HP: 22/27 MP: 0/0
  1969 | D:2      | Learned a level 1 spell: Shock
  2420 | D:2      | Noticed Natasha
  2424 | D:2      | Killed Natasha
  2425 | D:2      | Reached skill level 3 in Dodging
  2425 | D:2      | Reached XP level 4. HP: 27/33 MP: 0/0
  2450 | D:2      | Noticed Natasha
  2455 | D:2      | Killed Natasha
  2633 | D:2      | Noticed Natasha
  2636 | D:2      | Killed Natasha
  2637 | D:2      | Reached XP level 5. HP: 34/38 MP: 0/0
  2637 | D:2      | Learned a level 2 spell: Searing Ray
  2983 | D:3      | Found Jeanneng's Antique Weapon Shoppe.
  3686 | D:3      | Noticed Terence
  3696 | D:3      | Killed Terence
  3697 | D:3      | Reached skill level 4 in Dodging
  3697 | D:3      | Reached XP level 6. HP: 19/45 MP: 0/0
  3964 | D:4      | Found Niott's Neck Hole.
  3988 | D:4      | Noticed a necrophage
  3992 | D:4      | Killed a necrophage
  4145 | D:4      | Noticed an ogre
  4151 | D:4      | Killed an ogre
  4152 | D:4      | Reached XP level 7. HP: 43/51 MP: 0/0
  4152 | D:4      | Learned a level 3 spell: Call Canine Familiar
  4191 | D:4      | Noticed Robin
  4197 | D:4      | Killed Robin
  4383 | D:4      | Reached skill level 5 in Dodging
  4788 | D:4      | Found a stormy altar of Qazlal.
  5054 | D:5      | Entered Level 5 of the Dungeon
  5465 | D:5      | Reached XP level 8. HP: 35/58 MP: 0/0
  5642 | D:5      | Reached skill level 6 in Dodging
  5732 | D:5      | Noticed Dowan
  5737 | D:5      | Noticed Duvessa
  5742 | D:5      | Reached skill level 5 in Fighting
  5742 | D:5      | Killed Dowan
  5749 | D:5      | HP: 1/59 [Duvessa/+0 short sword (9)]
  5752 | D:5      | Slain by Duvessa

Illustrated notes

Levels and vault maps discovered:
D:1:      denvon_arrival_planthouse, layout_basic, serial_shops,
          nicolae_shop_competitors_out_of_business, shop, shop,
          nicolae_shop_overgrown_old_shop, shop, ebering_ecumenical_altar_box
D:2:      layout_rooms, serial_park_tiny_pond, uniq_natasha
D:3:      layout_loops_cross, serial_shops, nicolae_shop_stone,
          ebering_dispersal_statue_hall, uniq_terence
D:4:      layout_rooms, lemuel_round_altar, nicolae_shop_sticking_my_neck_out,
          uniq_robin
D:5:      nicolae_cairo_tiling_very_big, layout_loops_ring,
          minmay_curled_crystal, chequers_avenue, minmay_gold_behind_fungi,
          uniq_duvessa

Skill      XL: |  1  2  3  4  5  6  7  8 |
---------------+-------------------------+-----
Fighting       | 1 2 3 4 5 |  5.1
Dodging        | 3 4 5 6 |  6.2
Spellcasting   | 3 4 |  4.7
Stealth        | |  1.5

Action                   |  1- 3 |  4- 6 |  7- 9 || total
-------------------------+-------+-------+-------++-------
 Cast: Foxfire           |    82 |    70 |    63 ||   215
       Scorch            |     3 |    25 |    21 ||    49
       Shock             |       |       |     7 ||     7
       Searing Ray       |       |       |     5 ||     5
       Call Canine Famil |       |       |     4 ||     4
       Flame Wave        |       |       |     1 ||     1
  Use: Scroll            |       |       |     2 ||     2
Armor: Robe              |       |     1 |     1 ||     2
Dodge: Dodged            |       |     6 |    13 ||    19
